 Seeded DCSS version 0.30.1 (webtiles) character file.

Game seed: 6351066067085065685 (custom seed)

3661 Esekla the Thaumaturge (level 9, -3/45 HPs)
             Began as a Deep Elf Necromancer on July 5, 2023.
             Was an Elder of Vehumet.
             Slain by a gnoll sergeant
             ... wielding a +0 spear
              (10 damage)
             ... on level 8 of the Dungeon.
             The game lasted 00:36:03 (6919 turns).

Esekla the Thaumaturge (Deep Elf Necromancer)       Turns: 6919, Time: 00:36:03

Health: -3/45      AC:  5    Str:  5    XL:     9   Next: 89%
Magic:  17/34      EV: 15    Int: 25    God:    Vehumet [****..]
Gold:   435        SH:  0    Dex: 15    Spells: 19/28 levels left

rFire   . . .        a - +4 scimitar
rCold   . . .        (no shield)
rNeg    . . .        k - +0 robe
rPois   .            v - +0 helmet
rElec   .            K - +0 cloak
rCorr   .            i - +0 pair of gloves
SInv    .            (no boots)
Will    .....        C - amulet of magic regeneration
Stlth   +++          N - ring of magical power
HPRegen 0.27/turn    (no ring)
MPRegen 0.64/turn

%: no passive effects
@: no status effects
A: no striking features
a: Renounce Religion


You were on level 8 of the Dungeon.
You worshipped Vehumet.
Vehumet was greatly pleased with you.
You visited 1 branch of the dungeon, and saw 8 of its levels.

You collected 435 gold pieces.

Inventory:

Hand Weapons
 a - a +4 scimitar (weapon)
 r - a +4 trident of venom
 s - a +2 vampiric dagger
Missiles
 q - 30 poisoned darts (quivered)
 x - 4 throwing nets
 L - 5 curare-tipped darts
Armour
 i - a +0 pair of gloves (worn)
 k - a +0 robe (worn)
 v - a +0 helmet (worn)
 H - a +0 buckler
 K - a +0 cloak (worn)
Jewellery
 C - an amulet of magic regeneration (around neck)
 N - a ring of magical power (left hand)
Wands
 l - a wand of roots (17)
 B - a wand of flame (14)
 J - a wand of mindburst (8)
Scrolls
 c - 3 scrolls of noise {unknown}
 e - 3 scrolls of fear {unknown}
 f - 4 scrolls of blinking
 j - a scroll of immolation {unknown}
 p - 2 scrolls of fog {unknown}
 t - 2 scrolls of amnesia {unknown}
 w - a scroll of summoning {unknown}
 y - a scroll of silence {unknown}
 z - a scroll of enchant armour {unknown}
 A - 3 scrolls of enchant weapon {unknown}
 E - a scroll of magic mapping {unknown}
 F - a scroll of identify
 G - 2 scrolls of teleportation {unknown}
 I - 2 scrolls of poison {unknown}
 M - a scroll of torment {unknown}
Potions
 b - a potion of magic
 d - 3 potions of ambrosia
 g - 6 potions of attraction
 h - 5 potions of curing
 m - 2 potions of haste
 n - 2 potions of heal wounds
 o - 3 potions of brilliance
 u - a potion of mutation
 D - a potion of lignification


   Skills:
 + Level 3.8(3.9) Short Blades
 + Level 0.6(2.2) Long Blades
 + Level 1.0 Throwing
 * Level 6.1 Dodging
 + Level 4.9 Stealth
 * Level 1.5 Shields
 * Level 10.2 Spellcasting
 * Level 3.3 Conjurations
 * Level 9.5 Necromancy
 * Level 4.5 Translocations
 * Level 2.8 Air Magic
 + Level 0.3 Evocations


You had 19 spell levels left.
You knew the following spells:

 Your Spells              Type           Power      Damage    Failure   Level
a - Necrotise             Necr           100%       1d9       1%          1
d - Vampiric Draining     Necr           57%        2d10      1%          3
e - Static Discharge      Conj/Air       56%        2-5/arc   1%          2
t - Teleport Other        Tloc           35%        N/A       2%          3

Your spell library contained the following spells:

 Spells                   Type           Power      Damage    Failure   Level
 Hailstorm                Conj/Ice       21%        3d6       2%          3
 Lesser Beckoning         Tloc           70%        N/A       1%          2
 Animate Dead             Necr           57%        N/A       1%          4
 Gell's Gravitas          Tloc           35%        N/A       2%          3
 Agony                    Necr           57%        N/A       2%          5
 Spider Form              Tmut/Pois      12%        N/A       14%         3
 Cause Fear               Hex            6%         N/A       43%         4
 Summon Mana Viper        Hex/Summ       12%        N/A       80%         5


Dungeon Overview and Level Annotations

Branches:
Dungeon (8/15)             Temple (0/1) D:6
   Lair: D:8-11

Altars:
Dithmenos
Fedhas
Hepliaklqana
Okawaru
Qazlal
Trog
Uskayaw
Vehumet
Zin
The Shining One

Shops:
D:2 =   D:4 (

Annotations:
D:8 1 transporter


Message History

You draw life force from the gnoll!
You kill the gnoll!
Vehumet accepts your kill.
You feel your power returning.
You feel life coursing into your body.
The orc shouts!
The gnoll sergeant misses you.
You closely miss the gnoll sergeant.
The orc priest hits you with a +0 hand axe.
The gnoll sergeant hits you but does no damage.
You hit the orc priest but do no damage.
The orc priest drinks a potion.
The orc priest seems to speed up.
The gnoll sergeant closely misses you.
You barely miss the orc priest. The orc priest misses you.
The gnoll sergeant hits you with a +0 spear!
The orc priest closely misses you.
The gnoll sergeant hits you with a +0 spear!
Casting: Vampiric Draining (safe; 1% risk of failure)
Confirm with . or Enter, or press ? or * to list all spells.
Aiming: Vampiric Draining (safe; 1% risk of failure)
Press: ? - help, Shift-Dir - straight line, f - orc priest
Aim: an orc priest, wielding a +0 hand axe and wearing a +0 ring mail (fast)
You draw life force from the orc priest.
You feel life coursing into your body.
The orc priest mumbles some strange prayers to Beogh against you.
Beogh smites you!
* * * LOW HITPOINT WARNING * * *
The orc priest begins to cast a cantrip, but forgets the words!
The gnoll sergeant hits you with a +0 spear!
* * * LOW HITPOINT WARNING * * *
Casting: Vampiric Draining (safe; 1% risk of failure)
Confirm with . or Enter, or press ? or * to list all spells.
Aiming: Vampiric Draining (safe; 1% risk of failure)
Press: ? - help, Shift-Dir - straight line, f/p - orc priest
Aim: an orc priest, wielding a +0 hand axe and wearing a +0 ring mail (moderately wounded, fast)
You draw life force from the orc priest!
You kill the orc priest!
Vehumet accepts your kill.
You feel life coursing into your body.
The gnoll sergeant hits you with a +0 spear!
You die...

_..8.....8..#
............###
#...8..o8.....
..8...... .........
###......... ###
###o..# #.. ...
###goo### #.###...
#..@### #.##..#. #....#
##......
#....#########)..###
#.......8#8.........
#.##.....#.....##.##
####.##....©#©....##...
#....##.....#.....#####
#.#####8.©.8#8.©.8# #.#
#############


You could see a gnoll sergeant and 3 orcs.

Vanquished Creatures
  Pikel (D:6)
  Joseph (D:7)
  A steam dragon (D:8)
  A wyvern (D:7)
  Menkaure (D:7)
  An ice beast (D:6)
  A sky beast (D:6)
  2 black bears
  2 ogres
  A centaur (D:7)
  A phantom (D:7)
  Blork the orc (D:5)
  2 kobold brigands
  A gnoll sergeant (D:7)
  A bullfrog (D:7)
  2 scorpions (D:5)
  2 wights (D:7)
  A quasit (D:8)
  2 gnoll boudas
  6 hounds
  A jelly (D:6)
  Crazy Yiuf (D:7)
  4 orc priests (D:8)
  A sleepcap (D:5)
  5 iguanas
  4 orc wizards
  24 gnolls
  9 adders
  3 shadow imps (D:8)
  6 white imps
  4 ufetubi
  A worm (D:4)
  3 dart slugs
  29 orcs
  6 ball pythons
  4 bats
  4 endoplasms
  8 goblins
  5 hobgoblins
  A quokka (D:1)
  4 frilled lizards
  14 kobolds
  A rat (D:2)
173 creatures vanquished.

Notes
Turn   | Place    | Note
-------+----------+-------------------------------------------
     0 | D:1      | Esekla the Deep Elf Necromancer began the quest for the
                  | Orb.
     0 | D:1      | Reached XP level 1. HP: 10/10 MP: 6/6
   121 | D:1      | Reached skill level 5 in Necromancy
   201 | D:1      | Reached XP level 2. HP: 15/15 MP: 8/8
   296 | D:4      | Found a radiant altar of Vehumet.
   300 | D:4      | Became a worshipper of Vehumet
   440 | D:3      | Identified the +5 rapier of the Hero {heavy, rN+ Dex+3}
   606 | D:2      | Found Renulab's Jewellery Shop.
   838 | D:1      | Reached XP level 3. HP: 16/19 MP: 9/9
   846 | D:1      | Learned a level 3 spell: Vampiric Draining
  1154 | D:2      | Noticed a black bear
  1166 | D:2      | Killed a black bear
  1167 | D:2      | Reached skill level 1 in Short Blades
  1167 | D:2      | Reached XP level 4. HP: 24/24 MP: 9/11
  1167 | D:2      | Reached XP level 5. HP: 28/28 MP: 9/12
  1272 | D:2      | Reached * piety under Vehumet
  1272 | D:2      | Offered knowledge of Freeze by Vehumet.
  1308 | D:2      | Found a faded altar of an unknown god.
  1546 | D:3      | Found a stormy altar of Qazlal.
  1549 | D:3      | Found a hazy altar of Hepliaklqana.
  1549 | D:3      | Found a bloodstained altar of Trog.
  1557 | D:3      | Reached skill level 4 in Spellcasting
  2154 | D:4      | Found a glowing golden altar of the Shining One.
  2173 | D:4      | Found an iron altar of Okawaru.
  2184 | D:4      | Found a glowing silver altar of Zin.
  2255 | D:4      | Reached XP level 6. HP: 31/32 MP: 14/14
  2659 | D:4      | Reached skill level 5 in Spellcasting
  2820 | D:4      | Found Ponaysk's Antique Weapon Boutique.
  2969 | D:4      | Learned a level 3 spell: Teleport Other
  2989 | D:5      | Entered Level 5 of the Dungeon
  3019 | D:5      | Offered knowledge of Momentum Strike by Vehumet.
  3091 | D:5      | Reached ** piety under Vehumet
  3158 | D:5      | Found a shadowy altar of Dithmenos.
  3227 | D:5      | Got the Parchment of the Lumpy Olives
  3287 | D:5      | Reached skill level 1 in Translocations
  3365 | D:5      | Reached XP level 7. HP: 36/36 MP: 17/17
  3537 | D:5      | Reached skill level 6 in Spellcasting
  3825 | D:6      | Noticed Blork the orc
  3875 | D:5      | Killed Blork the orc
  3960 | D:6      | Noticed Pikel
  4105 | D:6      | Reached XP level 8. HP: 41/41 MP: 17/20
  4137 | D:6      | Found a blossoming altar of Fedhas.
  4147 | D:6      | Reached skill level 7 in Spellcasting
  4227 | D:6      | Offered knowledge of Static Discharge by Vehumet.
  4257 | D:6      | Learned a level 2 spell: Static Discharge
  4261 | D:6      | Found a staircase to the Ecumenical Temple.
  4276 | D:6      | Reached skill level 5 in Dodging
  4367 | D:6      | Killed Pikel
  4368 | D:6      | Reached skill level 8 in Spellcasting
  4368 | D:6      | Reached skill level 1 in Conjurations
  4368 | D:6      | Reached skill level 1 in Air Magic
  4790 | D:7      | Reached XP level 9. HP: 42/45 MP: 23/23
  5267 | D:7      | Noticed Menkaure
  5276 | D:7      | Killed Menkaure
  5486 | D:7      | Reached *** piety under Vehumet
  5526 | D:7      | Reached skill level 9 in Spellcasting
  5554 | D:7      | Found a runed translucent door.
  5555 | D:7      | Noticed Crazy Yiuf
  5562 | D:7      | Killed Crazy Yiuf
  5700 | D:7      | Noticed Joseph
  5777 | D:7      | Killed Joseph
  5778 | D:7      | Reached skill level 1 in Shields
  6139 | D:7      | Reached skill level 1 in Throwing
  6287 | D:8      | Reached skill level 10 in Spellcasting
  6320 | D:7      | Offered knowledge of Hailstorm by Vehumet.
  6719 | D:8      | Found a hide-covered altar of Uskayaw.
  6731 | D:8      | Noticed a two-headed ogre
  6759 | D:8      | Found a transporter.
  6760 | D:8      | Found a transporter.
  6762 | D:8      | Found a transporter.
  6765 | D:8      | Found a transporter.
  6911 | D:8      | Reached **** piety under Vehumet
  6918 | D:8      | HP: 1/45 [gnoll sergeant/+0 spear (11)]
  6919 | D:8      | Slain by a gnoll sergeant

Illustrated notes

Levels and vault maps discovered:
D:1:      sevenhm_arrival_forest_fort_small_3, layout_rooms,
          chequers_serial_rivers_room_b, minmay_misc_feat_five
D:2:      layout_loops_ring, dreamdust_ecumenical_altar_angels_and_demons,
          serial_shops, shop
D:3:      layout_basic, grunt_temple_overflow_open, minmay_misc_feat_iff
D:4:      layout_basic, nicolae_overflow_quartered_altars, serial_shops,
          nicolae_diamond_shop
D:5:      layout_loops_ring, lemuel_doored_altar, minmay_misc_feat_rows,
          dreamdust_wishing_well
D:6:      layout_loops_cross, fedhas_altar_fruit_tree,
          minmay_temple_entry_glass, uniq_pikel, uniq_blork_the_orc
D:7:      layout_basic, uniq_menkaure, uniq_joseph, uniq_crazy_yiuf_cottage
D:8:      layout_basic, nicolae_uskayaw_dance_hall, serial_demonic,
          serial_demonic_d, serial_demonic_a, serial_demonic_c,
          serial_demonic_c, nicolae_diode_quadrants

Skill      XL: |  1  2  3  4  5  6  7  8  9 |
---------------+----------------------------+-----
Necromancy     | 5 6 7 8 9 |  9.5
Dodging        | 3 4 5 6 |  6.1
Stealth        | 3 4 |  4.9
Short Blades   | 1 2 3 |  3.8
Spellcasting   | 4 5 6 8 10 | 10.2
Translocations | 1 2 3 4 |  4.5
Conjurations   | 2 3 |  3.3
Air Magic      | 1 2 |  2.8
Shields        | 1 |  1.5
Throwing       | 1 |  1.0
Long Blades    | |  0.6
Evocations     | |  0.3

Action                     |  1- 3 |  4- 6 |  7- 9 || total
---------------------------+-------+-------+-------++-------
  Melee: Unarmed           |     9 |       |       ||     9
         Dagger            |    11 |       |     1 ||    12
         Short sword       |     5 |       |       ||     5
         Rapier            |    40 |    73 |   113 ||   226
         Punch             |     1 |     1 |     4 ||     6
         Scimitar          |       |       |    91 ||    91
  Throw: Dart              |       |     3 |    10 ||    13
   Cast: Vampiric Draining |       |    18 |    66 ||    84
         Necrotise         |       |     1 |       ||     1
         Teleport Other    |       |       |     5 ||     5
  Evoke: Wand              |     2 |       |     6 ||     8
    Use: Scroll            |       |       |     8 ||     8
         Potion            |       |       |     1 ||     1
   Stab: Sleeping          |     5 |     6 |     6 ||    17
         Distracted        |     1 |     2 |       ||     3
 Armour: Robe              |     8 |     6 |    65 ||    79
  Dodge: Dodged            |    55 |    52 |   233 ||   340
